caesar, neutral male human Barbarian I <...I caesar the Bandit Experience level: 6 Strength: 18/02 Dexterity: 16 Constitution: 18 Intelligence: 8 Wisdom: 7 Charisma: 6 Health: 0(75) Energy: 14(14) Def: 8 Gold: 165 Moves: 4706 Dungeon seed: Y-uqsVlZ0PV1M8Lo Game ID: caesar_1507306241 Your Inventory: Coins $ - 165 gold pieces Weapons a - a corroded +0 battle-axe (weapon in hands) b - a +0 short sword Armor n - an uncursed +0 bronze plate mail (being worn) z - an uncursed +0 dwarvish cloak (being worn) N - an uncursed +0 pair of iron shoes (being worn) Scrolls u - an uncursed scroll of fire w - an uncursed scroll of enchant weapon K - an uncursed scroll of gold detection Spellbooks I - an uncursed spellbook of fireball Rings g - an uncursed ring of sustain ability (on left hand) s - an uncursed ring of shock resistance (on right hand) Wands D - a wand of secret door detection (0:12) Tools k - 2 uncursed partly used wax candles (0:23) m - an uncursed towel o - an uncursed tin whistle t - an uncursed partly used tallow candle (lit) (0:30) O - a magic marker (0:62) Spells and supernatural/magical abilities: Name Level Category Fail Memory W - pray for help -- divine ? -- Your skills at the end: Fighting Skills bare handed combat [Basic] Weapon Skills axe [Basic] short sword [Basic] Spellcasting Skills Final Attributes: You were piously aligned. You were shock resistant. You were poison resistant. You were blinded. You had fixed abilities. You were unlucky. You are dead. Vanquished creatures: a leprechaun an imp a rock piercer a fog cloud a yellow light 2 shriekers 3 gnome lords a gnomish wizard a floating eye a kitten 4 dwarves 6 hill orcs 3 rothes a centipede 2 giant bats 2 dwarf zombies an acid blob a large kobold a hobgoblin 3 cave spiders 2 yellow molds 7 gnomes 2 garter snakes a gnome zombie 4 geckos 2 jackals a goblin 3 sewer rats 9 grid bugs 3 lichens 8 newts 79 creatures vanquished. Voluntary challenges: You had followed a strict vegan diet until turn 4171. You had followed a strict vegetarian diet until turn 4171. You used a wielded weapon 71 times, starting on turn 98. You read items or engraved 6 times, starting on turn 222. You never genocided any monsters. You never polymorphed an object. You never changed form. You used no wishes. You never split a pudding. You never wrote Elbereth's name. You never violated your personal moral code. Dungeon overview: The Dungeons of Doom: levels 1 to 5 Level 1 a fountain, a sink a long staircase Level 2 (grave) Level 3 a general store, an altar to Crom, a fountain stairs to The Gnomish Mines Level 4 a scroll shop, a fountain Level 5 a general store, a fountain The Gnomish Mines: levels 4 to 5 Level 4 stairs to The Dungeons of Doom Level 5 <- You were here History has recorded: On T:1 you entered the Dungeons of Doom to retrieve the Amulet of Yendor! On T:519 you reached level 2 of The Dungeons of Doom. On T:952 you reached level 3 of The Dungeons of Doom. On T:1144 you reached level 1 of The Gnomish Mines. On T:1726 you advanced to experience level 2. On T:1824 you advanced to experience level 3. On T:1848 you advanced to experience level 4. On T:2084 you advanced to experience level 5. On T:3537 you reached level 4 of The Dungeons of Doom. On T:3590 you reached level 5 of The Dungeons of Doom. On T:3984 you advanced to experience level 6. On T:4692 you reached level 2 of The Gnomish Mines. Score breakdown: Gold: 165 ( 7552 points) Experience: 6 levels (12456 points) Exploration: 5 levels ( 10.20%) ( 8660 points) Discoveries: 9 items ( 3.66%) ( 5738 points) Valuables value: (no points given unless you survive) Artifact value: 0 ( 0 points) Variety of kills: 31 monsters ( 8.14%) ( 8557 points) Turncount: 4706 turns (-1265 points) Survival: died (score multiplied by 80%) Total score: 33358 Latest messages: $ - 8 gold pieces. You are beginning to feel weak. You don't have anything to eat. You hear some noises in the distance. You kill the newt! You miss the yellow light. The yellow light bumps right into you! You begin praying to Crom. The yellow light explodes! You are blinded by a blast of light! You feel that Crom is displeased. You faint from lack of food. You come to. You faint from lack of food. It hits! Your purse feels lighter. You come to. Wait! There's something there you can't see! You faint from lack of food. It hits! (13x) You die... Final status: Goodbye caesar the Barbarian, killed by a gnome king, while fainted from lack of food... You died in The Gnomish Mines on dungeon level 5 with 33358 points, and 165 pieces of gold, after 4706 moves. You were level 6 with a maximum of 75 hit points when you died.